 Dungeon Crawl Stone Soup version 0.26-a0-639-g72c4674329 (webtiles) character file.

Game seed: 6172245474084581512

6226 DogServant the Destroyer (level 10, -4/56 HPs)
             Began as a Gargoyle Conjurer on Sept 16, 2020.
             Was a Believer of Vehumet.
             Slain by a white ugly thing (7 damage)
             ... on level 9 of the Dungeon.
             The game lasted 00:25:45 (11422 turns).

DogServant the Destroyer (Gargoyle Conjurer)       Turns: 11422, Time: 00:25:47

Health: -4/56      AC: 12    Str: 11    XL:     10   Next: 92%
Magic:  10/23      EV: 12    Int: 22    God:    Vehumet [**....]
Gold:   480        SH:  0    Dex:  8    Spells: 14/28 levels left

rFire    . . .     SeeInvis +   D - staff of earth
rCold    . . .     Faith    .   (no shield)
rNeg     + . .     Spirit   .   a - +0 robe
rPois    ∞         Reflect  .   b - +1 helmet
rElec    +         Harm     .   z - +0 cloak
rCorr    .         Rampage  .   (no gloves)
MR       .....                  (no boots)
Stlth    ++........             (no amulet)
HPRegen  0.18/turn              p - ring of wizardry
MPRegen  0.18/turn              i - ring of see invisible

@: studying Short Blades
A: negative energy resistance 1, electricity resistance, unbreathing,
petrification resistance, rot immunity, AC +7
a: Renounce Religion


You were on level 9 of the Dungeon.
You worshipped Vehumet.
Vehumet was pleased with you.
You visited 1 branch of the dungeon, and saw 10 of its levels.

You collected 480 gold pieces.

Inventory:

Hand Weapons
 q - a +3 flail of protection
Armour
 a - a +0 robe (worn)
 b - a +1 helmet (worn)
 z - a +0 cloak (worn)
Magical Staves
 D - an uncursed staff of earth (weapon)
Jewellery
 e - an uncursed ring of stealth
 i - a ring of see invisible (right hand)
 p - a ring of wizardry (left hand)
 y - a +4 ring of evasion
 F - a +4 ring of slaying {unknown}
Wands
 n - a wand of disintegration (12)
 v - a wand of digging (6)
 A - a wand of paralysis (8)
Scrolls
 c - a scroll of random uselessness {unknown}
 h - a scroll of magic mapping
 m - 4 scrolls of teleportation
 s - 4 scrolls of identify
 u - a scroll of remove curse
 B - a scroll of immolation
 C - a scroll of amnesia
Potions
 d - a potion of stabbing {unknown}
 f - a potion of berserk rage
 g - a potion of magic {unknown}
 j - a potion of curing {unknown}
 k - 3 potions of might {unknown}
 l - 3 potions of lignification {unknown}
 o - a potion of degeneration {unknown}
 r - a potion of experience {unknown}
 w - 2 potions of resistance {unknown}
 E - a potion of brilliance {unknown}
Books
 x - a manual of Short Blades


   Skills:
 + Level 3.5 Fighting
 + Level 3.4 Armour
 - Level 1.6 Dodging
 - Level 2.3 Stealth
 + Level 9.9 Spellcasting
 - Level 11.7 Conjurations
 + Level 2.8 Hexes
 + Level 2.8 Translocations


You had 14 spell levels left.
You knew the following spells:

 Your Spells              Type           Power        Failure   Level
a - Magic Dart            Conj           ####         1%          1
b - Searing Ray           Conj           ######       1%          2
c - Dazzling Flash        Conj/Hex       #####.       1%          3
d - Fulminant Prism       Conj/Hex       #####.....   1%          4
e - Iskenderun's Mystic   Conj/Tloc      #####...     1%          4

Your spell library contained the following spells:

 Spells                   Type           Power        Failure   Level
 Conjure Flame            Conj/Fire      #####...     1%          3
 Beastly Appendage        Tmut           ##....       2%          1
 Wereblood                Tmut           ##......     4%          2
 Spider Form              Tmut/Pois      ##........   8%          3
 Ice Form                 Ice/Tmut       ##......     24%         4
 Blade Hands              Tmut           ##........   52%         5


Dungeon Overview and Level Annotations

Branches:
Dungeon (10/15)            Temple (0/1) D:6
   Lair: D:8-11         Orc: D:9-12

Altars:
Elyvilon
Ru
Vehumet
Yredelemnul

Shops:
D:8 (

Annotations:
D:4 2 transporters
D:5 2 transporters, DogServant's ghost, novice HaHu


Innate Abilities, Weirdness & Mutations

You are resistant to torment.
Your stone body is resilient. (AC +7)
You are immune to poison.
You resist negative energy. (rN+)
You are resistant to electric shocks. (rElec)
You can survive without breathing.
You are immune to petrification.
You are immune to rotting.


Message History

The white ugly thing stings you but does no damage.
The searing ray hits the white ugly thing!
The white ugly thing is severely wounded.
The white ugly thing stings you. The white ugly thing freezes you!
The searing ray hits the white ugly thing.
The white ugly thing is severely wounded.
You finish channeling your searing ray.
The white ugly thing stings you! The white ugly thing freezes you!!
Ouch! That really hurt!
* * * LOW HITPOINT WARNING * * *
Casting: Searing Ray (safe; 1% risk of failure)
Confirm with . or Enter, or press ? or * to list all spells.
Aiming: Searing Ray (safe; 1% risk of failure)
Press: ? - help, Shift-Dir - straight line, f/p - white ugly thing
Aim: a white ugly thing (severely wounded)
The searing ray hits the white ugly thing!
The white ugly thing is almost dead. (Press . to maintain the ray.)
The white ugly thing stings you!
You die...

####### #.....#
#####.....## #......)...#
##..##.)....#
#.....@÷.)).#
########..#u..##).#
##.............###...Z #
#>....##.......(.##..?.
.###)†.#.##.....[....##...
...............#......##..
.?.............#.##....##.
♣...)............# #....#
PPP.?..#.[.....### #....#


You could see a white ugly thing.

Vanquished Creatures
  2 two-headed ogres
  2 hippogriffs
  Sigmund (D:4)
  3 wraiths (D:7)
  Duvessa (D:4)
  2 orc warriors
  4 sky beasts
  A hornet zombie (D:7)
  4 ice beasts
  4 centaurs
  4 ogres
  4 bullfrogs
  A gnoll sergeant (D:6)
  Dowan (D:4)
  5 scorpions
  5 killer bees (D:7)
  4 wights (D:7)
  A howler monkey (D:7)
  A jelly (D:9)
  A human zombie (D:7)
  2 quasits
  7 orc priests
  2 hounds
  A human skeleton (D:7)
  2 bullfrog skeletons (D:5)
  Natasha (thrice) (D:4)
  6 orc wizards
  5 worker ants
  An ogre zombie (D:7)
  2 mummies (D:7)
  A hound zombie (D:9)
  Robin (D:2)
  5 gnolls
  10 adders
  A shadow imp (D:7)
  2 ufetubi
  An ooze (D:6)
  An adder zombie (D:5)
  6 worms
  2 dart slugs
  3 leopard geckos
  36 orcs
  2 giant cockroaches (D:3)
  8 goblins
  19 hobgoblins
  6 jackals
  3 quokkas
  5 bats
  5 frilled lizards
  5 kobolds
  A leopard gecko skeleton (D:6)
  A quokka zombie (D:6)
  9 rats
  3 fulminant prisms
218 creatures vanquished.

Vanquished Creatures (others)
  9 fulminant prisms
  15 plants (D:9)
24 creatures vanquished.

Grand Total: 242 creatures vanquished

Notes
Turn   | Place    | Note
-------+----------+-------------------------------------------
     0 | D:1      | DogServant the Gargoyle Conjurer began the quest for the
                  | Orb.
     0 | D:1      | Reached XP level 1. HP: 10/10 MP: 3/3
   288 | D:1      | Reached XP level 2. HP: 15/15 MP: 3/5
   377 | D:1      | Learned a level 2 spell: Searing Ray
   809 | D:2      | Noticed a phantom
  1671 | D:2      | Reached skill level 5 in Conjurations
  1671 | D:2      | Reached XP level 3. HP: 19/19 MP: 2/6
  1902 | D:2      | Noticed Robin
  1904 | D:2      | Killed Robin
  2408 | D:3      | Reached XP level 4. HP: 24/24 MP: 4/8
  2634 | D:3      | Found a faded altar of an unknown god.
  2797 | D:3      | Reached XP level 5. HP: 14/28 MP: 1/10
  2801 | D:3      | Reached skill level 6 in Conjurations
  3690 | D:4      | Noticed Natasha
  3694 | D:4      | Killed Natasha
  3694 | D:4      | Reached XP level 6. HP: 32/32 MP: 6/12
  3837 | D:4      | Noticed Dowan
  3837 | D:4      | Noticed Duvessa
  3849 | D:4      | Killed Dowan
  4089 | D:4      | Killed Duvessa
  4089 | D:4      | Reached skill level 7 in Conjurations
  4228 | D:4      | Reached XP level 7. HP: 36/36 MP: 8/14
  4233 | D:4      | Learned a level 3 spell: Dazzling Flash
  4238 | D:4      | Learned a level 4 spell: Fulminant Prism
  4302 | D:4      | Found a transporter.
  4319 | D:4      | Found a transporter.
  4336 | D:4      | Noticed Sigmund
  4349 | D:4      | Killed Sigmund
  4349 | D:4      | Reached skill level 5 in Spellcasting
  4532 | D:4      | Noticed Natasha
  4540 | D:4      | Killed Natasha
  4598 | D:4      | Noticed Natasha
  4605 | D:4      | Killed Natasha
  4874 | D:5      | Entered Level 5 of the Dungeon
  4876 | D:5      | Reached skill level 8 in Conjurations
  4922 | D:5      | Noticed DogServant's ghost (novice HaHu)
  4936 | D:5      | Reached XP level 8. HP: 41/41 MP: 9/16
  5008 | D:5      | Found a radiant altar of Vehumet.
  5026 | D:5      | Became a worshipper of Vehumet
  5720 | D:5      | Noticed a hippogriff
  5881 | D:5      | Reached skill level 9 in Conjurations
  6025 | D:5      | Killed a hippogriff
  6567 | D:5      | Found a transporter.
  6571 | D:5      | Found a transporter.
  6867 | D:6      | Found a white marble altar of Elyvilon.
  6931 | D:6      | Reached XP level 9. HP: 45/45 MP: 16/20
  7063 | D:6      | Found a staircase to the Ecumenical Temple.
  7201 | D:6      | Reached skill level 10 in Conjurations
  7399 | D:6      | Found a sacrificial altar of Ru.
  7468 | D:6      | Reached * piety under Vehumet
  7468 | D:6      | Offered knowledge of Sandblast by Vehumet.
  7884 | D:7      | Learned a level 4 spell: Iskenderun's Mystic Blast
  8418 | D:7      | Found a basalt altar of Yredelemnul.
  8477 | D:7      | Reached skill level 11 in Conjurations
  8967 | D:7      | Reached XP level 10. HP: 43/50 MP: 16/23
  9040 | D:7      | Offered knowledge of Freeze by Vehumet.
  9323 | D:7      | Reached ** piety under Vehumet
  9918 | D:8      | Reached skill level 1 in Armour
  9920 | D:8      | Reached skill level 1 in Fighting
 10022 | D:8      | Reached skill level 1 in Hexes
 10022 | D:8      | Reached skill level 1 in Translocations
 10221 | D:8      | Noticed a two-headed ogre
 10228 | D:8      | Killed a two-headed ogre
 10384 | D:8      | Found Qatesudu's Antique Weapon Boutique.
 10602 | D:10     | Entered Level 10 of the Dungeon
 11004 | D:9      | Noticed a two-headed ogre
 11031 | D:9      | Killed a two-headed ogre
 11031 | D:9      | Offered knowledge of Conjure Flame by Vehumet.
 11413 | D:9      | Noticed a white ugly thing
 11421 | D:9      | HP: 2/56 [white ugly thing (31)]
 11422 | D:9      | Slain by a white ugly thing

Illustrated notes

Levels and vault maps discovered:
D:1:      dpeg_arrival_long_road, layout_basic
D:2:      layout_loops_ring, uniq_robin
D:3:      layout_basic, chequers_ecumenical_altar_simple
D:4:      gammafunk_wand_slinger, layout_rooms, uniq_sigmund, uniq_duvessa,
          uniq_natasha
D:5:      layout_loops_ring, basic_altar, gammafunk_ghost_hive,
          minmay_manual_moon
D:6:      layout_loops_ring, nicolae_ru_the_path_less_chosen, temple_green,
          elyvilon_altar_5
D:7:      layout_basic, lemuel_mausoleum_altar_yredelemnul
D:8:      layout_rooms, serial_shops, shop
D:9:      kennysheep_housing_project, layout_basic, overflow_temple_1_default,
          nrook_mini_backslash
D:10:     layout_basic, hangedman_little_slice_of_home

Skill      XL: |  1  2  3  4  5  6  7  8  9 10 |
---------------+-------------------------------+-----
Conjurations   | 5 6 7 8 9 11 | 11.7
Spellcasting   | 3 4 5 7 9 |  9.9
Armour         | 3 |  3.4
Fighting       | 3 |  3.5
Hexes          | 2 |  2.8
Translocations | 2 |  2.8
Dodging        | |  1.6
Stealth        | |  2.3

Action                   |  1- 3 |  4- 6 |  7- 9 | 10-12 || total
-------------------------+-------+-------+-------+-------++-------
Melee: Unarmed           |    33 |     1 |       |       ||    34
 Cast: Magic Dart        |    50 |    58 |    67 |    41 ||   216
       Searing Ray       |    15 |    18 |    69 |    47 ||   149
       Fulminant Prism   |       |       |       |    12 ||    12
  Use: Scroll            |       |     7 |       |     4 ||    11
       Potion            |       |     1 |       |       ||     1
Armor: Robe              |    14 |     6 |    30 |    15 ||    65
Dodge: Dodged            |    24 |    14 |    28 |    34 ||   100

Table legend: (Time is in decaauts)
 A = Elapsed time spent in this place.
 B = Non-inter-level travel time spent in this place.
 C = Inter-level travel time spent in this place.
 D = Time resting spent in this place.
 E = Time spent auto-exploring this place.
 F = Levels seen in this place.
 G = Mean time per level.
                   A        B        C        D        E       F      G
               +--------+--------+--------+--------+--------+-----+--------+
         Total |  11446 |  11205 |    241 |   3321 |   6411 |  10 | 1144.6 |
       Dungeon |  11446 |  11205 |    241 |   3321 |   6411 |  10 | 1144.6 |
               +--------+--------+--------+--------+--------+-----+--------+

Top non-repeatable levels by time:
     D:7: 1980 daAuts
     D:5: 1938 daAuts
     D:3: 1600 daAuts
     D:2: 1540 daAuts
     D:6: 1054 daAuts
     D:4: 949 daAuts
     D:8: 891 daAuts
     D:1: 794 daAuts
     D:9: 483 daAuts
    D:10: 213 daAuts
